 Dungeon Crawl Stone Soup version 0.19-a0-1922-g1e9a4c1 (webtiles) character file.

23 Psiweapon the Insei (level 2, 0/21 HPs)
             Began as a Demonspawn Transmuter on Oct 24, 2016.
             Succumbed to an adder's poison
             ... on level 2 of the Dungeon.
             The game lasted 00:01:44 (808 turns).

Psiweapon the Insei (Demonspawn Transmuter)          Turns: 808, Time: 00:01:45

Health: 0/21       AC:  2    Str: 10    XL:     2   Next: 72%
Magic:  4/5        EV: 12    Int: 14    God:
Gold:   98         SH:  0    Dex: 13    Spells: 1 memorised, 4 levels left

rFire  . . .     SeeInvis .       - Unarmed
rCold  . . .     Gourm    .     b - +0 robe
rNeg   . . .     Faith    .     (no shield)
rPois  .         Spirit   .     (no helmet)
rElec  .         Reflect  .     (no cloak)
rCorr  .         Harm     .     (no gloves)
MR     .....                    (boots currently unavailable)
Stlth  +.........               (no amulet)
                                (no ring)
                                (no ring)

@: lethally poisoned (0 -> -15), appendage (expiring)
A: talons 3, rot immunity
a: End Transformation


You were on level 2 of the Dungeon.
You were not hungry.
You had grown temporary talons.
You visited 1 branch of the dungeon, and saw 3 of its levels.

You collected 98 gold pieces.

Inventory:

Missiles
 a - 36 arrows
 g - 13 bolts
Armour
 b - a +0 robe (worn)
Scrolls
 e - a scroll of recharging {unknown}
 h - a scroll of blinking {unknown}
 i - a scroll of magic mapping {unknown}
 j - 2 scrolls of enchant weapon {unknown}
 k - a scroll of identify {unknown}
 m - a scroll of fog {unknown}
Books
 c - a book of Changes

   Spells                             Type                      Level
   a - Beastly Appendage              Transmutation                1
   b - Sticks to Snakes               Transmutation                2
   c - Spider Form                    Transmutation/Poison         3
   d - Ice Form                       Ice/Transmutation            4
   e - Blade Hands                    Transmutation                5
Comestibles
 d - 2 bread rations
 f - a beef jerky


   Skills:
 - Level 1.0 Fighting
 - Level 1.7 Dodging
 * Level 3.3 Unarmed Combat
 - Level 2.0 Spellcasting
 + Level 2.2 Transmutations


You had 4 spell levels left.
You knew the following spells:

 Your Spells              Type           Power        Failure   Level  Hunger
a - Beastly Appendage     Tmut           #.....       12%         1    ##.....


Dungeon Overview and Level Annotations

Branches:
Dungeon (3/15)

Altars:


Innate Abilities, Weirdness & Mutations

You are immune to rotting.
You have claws for feet.


Message History

The adder is almost dead.
The adder bites you.
* * * LOW HITPOINT WARNING * * *
You are lethally poisoned!
The adder poisons you!
You hit the adder but do no damage.
The adder is almost dead.
* * * LOW HITPOINT WARNING * * *
You feel sick. The adder barely misses you. The adder bites you.
* * * LOW HITPOINT WARNING * * *
You are more poisoned.
The adder poisons you!
You aren't carrying any potions.
You barely miss the adder.
The adder is almost dead.
* * * LOW HITPOINT WARNING * * *
You feel sick. The adder closely misses you.
You hit the adder but do no damage.
The adder is almost dead.
You die...

#.# #..#.)... #.
.#.# #..#..... +.
.#.. #..##....
#.###+#.###
#...###'#
#.........#
#........ ..)......#
#..###### #.......#
#..# +.......# #..#
#S@.....#.#...
###.........##
#.#.###.#> #.#.#
#.#.# ####.#K.
#....############.#.
#............<......
#...##########....#.


You could see an adder.

Vanquished Creatures
  An adder (D:2)
  A leopard gecko (D:2)
  2 goblins
  3 hobgoblins (D:3)
  4 kobolds
  2 rats (D:2)
13 creatures vanquished.

Notes
Turn   | Place    | Note
-------+----------+-------------------------------------------
     0 | D:1      | Psiweapon the Demonspawn Transmuter began the quest for the Orb.
     0 | D:1      | Reached XP level 1. HP: 15/15 MP: 3/3
   217 | D:2      | Reached skill level 3 in Unarmed Combat
   217 | D:2      | Gained mutation: You are immune to rotting. [demonic ancestry]
   217 | D:2      | Reached XP level 2. HP: 15/21 MP: 1/5
   807 | D:2      | HP: 1/21 [poisoned by an adder]
   808 | D:2      | Succumbed to an adder's poison

Vault maps used:
D:1:      dpeg_arrival_erosion, grunt_decor_one_mirror,
          hangedman_decor_slide_cut
D:2:      kennysheep_flooded_box
D:3:      kennysheep_goblin_castle, makhleb_blood_cavern_becter

Skill      XL: |  1 |
---------------+----+-----
Unarmed Combat | 3 |  3.3
Transmutations | 2 |  2.2
Fighting       | |  1.0
Dodging        | |  1.7
Spellcasting   | |  2.0

Action                   || total
-------------------------++-------
Melee: Unarmed           ||    40
       Kick              ||     4
       Headbutt          ||     2
 Cast: Beastly Appendage ||    10
Armor: Robe              ||     4
Dodge: Dodged            ||    21
